Map: [TLMC17] Erreholm

Players

ByuN - Winner!

  • Race: Terran Terran
  • Spawn Location: 7:00

Rogue

  • Race: Zerg Zerg
  • Spawn Location: 1:00

VOD

Have the link to the VOD?

Description

Time

  • Played on: March 12, 2025, 8:03 a.m.
  • Length: 7:20
Show
View Real Time Build Order
Export as new Build Order

ByuN Terran - Winner!

Build Orders: Reaper Expand, Hellion Banshee 

Get SALT Encoding   

  12  0:00  SCV  
  13  0:12  SCV  
  14  0:16  Supply Depot  
  14  0:24  SCV  
  15  0:38  SCV  
  15  0:39  Barracks  
  15  0:42  Refinery  
  16  0:50  SCV  
  17  1:02  SCV  
  18  1:14  SCV  
  19  1:26  Reaper, Orbital Command  
  20  1:37  Command Center  
  20  1:46  Supply Depot  
  20  1:52  SCV  
  21  1:58  Marine  
  22  2:03  Factory  
  22  2:04  SCV  
  23  2:12  Refinery  
  23  2:16  SCV  
  23  2:20  Barracks Reactor  
  24  2:28  SCV  
  25  2:41  SCV  
  26  2:50  Orbital Command, Starport  
  26  2:53  SCV  
  27  2:59  Hellion x2  
  27  3:04  Barracks Tech Lab  
  27  3:05  SCV  
  32  3:17  SCV x2  
  34  3:21  Hellion x2  
  38  3:27  Supply Depot  
  38  3:29  SCV x2  
  38  3:31  Barracks Tech Lab  
  38  3:32  Banshee  
  38  3:34  Cloaking Field  
  43  3:38  Barracks Tech Lab  
  43  3:41  SCV x2  
  45  3:49  Hellion x2  
  45  3:52  Supply Depot  
  45  3:53  SCV x2  
  51  3:58  Marine  
  51  4:00  Stimpack  
  52  4:05  SCV x2  
  54  4:15  Banshee  
  57  4:17  SCV x2  
  57  4:21  Supply Depot  
  57  4:24  Factory Reactor  
  59  4:26  Barracks, Marine  
  59  4:29  Barracks  
  59  4:30  Refinery  
  60  4:34  SCV  
  60  4:35  SCV, Engineering Bay  
  62  4:44  Supply Depot, Marine  
  63  4:47  SCV  
  63  4:48  SCV  
  65  5:02  Barracks x2  
  65  5:04  SCV x2, Terran Infantry Weapons Level 1  
  67  5:07  Refinery  
  67  5:08  Supply Depot  
  67  5:09  Marine, Starport Reactor  
  68  5:15  Marine x2  
  68  5:18  SCV  
  71  5:24  Siege Tank  
  71  5:26  SCV  
  71  5:27  Marine  
  76  5:30  Supply Depot, SCV  
  76  5:32  Supply Depot  
  77  5:36  Marine x2  
  77  5:38  Marine x2  
  77  5:40  SCV  
  78  5:42  SCV  
  78  5:45  Marine  
  80  5:53  SCV  
  80  5:54  Marine x2  
  80  5:55  Marine x2  
  80  5:56  Marine x2, Siege Tank  
  88  5:59  Medivac  
  88  6:03  Marine  
  89  6:04  Medivac  
  86  6:11  Marine  
  86  6:12  Marine  
  86  6:13  Supply Depot  
  86  6:15  Marine x2  
  86  6:16  Supply Depot  
  86  6:18  Marine x2  
  91  6:24  Marine  
  93  6:29  Marine  
  94  6:33  Siege Tank  
  94  6:34  Marine  
  94  6:35  Marine x3  
  94  6:36  Marine  
  94  6:37  Medivac  
  104  6:40  Medivac  
  104  6:42  Marine  
  104  6:44  Supply Depot  
  104  6:46  Supply Depot  
  107  6:47  Marine  
  107  6:52  Marine  
  107  6:53  Marine x3  
  112  6:54  Marine  
  112  7:00  Marine  
Show
View Real Time Build Order
Export as new Build Order

Rogue Zerg 

Build Orders: Hatch First 

Get SALT Encoding   

  12  0:00  Drone  
  13  0:12  Overlord  
  13  0:17  Drone  
  14  0:30  Drone x2  
  16  0:47  Hatchery  
  15  0:50  Drone  
  15  0:53  Drone  
  15  0:56  Drone  
  18  1:07  Extractor  
  17  1:12  Spawning Pool  
  17  1:15  Drone  
  17  1:18  Drone  
  18  1:28  Drone  
  19  1:39  Drone  
  20  1:49  Drone  
  21  2:00  Queen x2  
  21  2:01  Zergling x4  
  27  2:10  Overlord, Zergling x2  
  27  2:11  Metabolic Boost  
  28  2:29  Hatchery  
  27  2:31  Drone  
  27  2:32  Drone  
  27  2:35  Drone  
  30  2:43  Queen  
  32  2:48  Overlord  
  32  2:51  Drone  
  33  2:53  Drone  
  33  2:55  Drone  
  35  2:59  Drone  
  35  3:02  Overlord  
  36  3:09  Drone  
  36  3:10  Drone x2  
  39  3:14  Drone x2  
  39  3:15  Drone  
  39  3:19  Drone x2  
  44  3:26  Queen  
  46  3:30  Drone x2  
  48  3:36  Queen  
  50  3:44  Drone x3  
  50  3:45  Overlord  
  50  3:47  Drone x2  
  55  3:52  Drone x2  
  57  3:57  Overlord  
  57  4:02  Drone  
  58  4:03  Overlord, Queen  
  58  4:07  Overlord  
  60  4:10  Drone x3  
  60  4:12  Drone  
  60  4:15  Zergling x4  
  66  4:18  Overlord  
  66  4:20  Drone x2  
  68  4:24  Queen  
  68  4:28  Spore Crawler  
  69  4:31  Lair  
  69  4:33  Spore Crawler  
  69  4:36  Drone  
  69  4:39  Spore Crawler  
  69  4:40  Drone x2  
  69  4:43  Queen  
  72  4:46  Drone x4  
  72  4:51  Drone x4  
  80  5:00  Baneling Nest, Zergling x6  
  80  5:01  Queen  
  83  5:11  Drone x2  
  83  5:12  Drone  
  83  5:13  Drone  
  87  5:16  Overlord  
  87  5:17  Overlord  
  87  5:19  Drone  
  87  5:20  Hatchery  
  87  5:25  Extractor x2  
  87  5:26  Drone x4  
  89  5:31  Overlord  
  87  5:39  Overseer, Zergling x2  
  87  5:40  Zergling x8  
  85  5:44  Zergling x4  
  83  5:53  Drone  
  83  5:55  Drone x6  
  83  5:56  Drone  
  82  6:04  Drone x2  
  82  6:05  Centrifugal Hooks  
  82  6:07  Drone  
  82  6:10  Extractor, Drone  
  86  6:11  Drone  
  86  6:12  Evolution Chamber x2  
  84  6:18  Hydralisk Den  
  84  6:19  Overseer  
  84  6:21  Overlord  
  84  6:22  Drone x2  
  85  6:27  Drone  
  85  6:28  Hatchery  
  85  6:30  Drone  
  85  6:31  Drone x5  
  91  6:33  Overlord, Extractor  
  91  6:34  Overlord  
  91  6:38  Drone  
  91  6:45  Overlord  
  91  6:49  Zergling x6  
  91  6:50  Baneling  
  91  6:51  Baneling x2  
  94  6:55  Spore Crawler  
  94  6:57  Zergling x12  
  94  6:59  Overlord  
Tags
 
Add a new tag
Caveats
  • Supply blocks, unpowered buildings, or Contaminate may cause inaccurate times.
  • Supply counts are checked every 10 seconds.